 Dungeon Crawl Stone Soup version 0.31-a0-848-gaac375c287 (webtiles) character file.

Game seed: 4820855786027482663

10129 Klosterheim the Basher (level 11, -8/92 HPs)
             Began as a White Draconian Gladiator on June 30, 2023.
             Was a Priest of Nemelex Xobeh.
             Killed by divine providence
             ... invoked by an orc priest
             ... summoned by an orange crystal statue
              (15 damage)
             ... on level 10 of the Dungeon on Oct 4, 2023.
             The game lasted 00:33:03 (9080 turns).

Klosterheim the Basher (White Draconian Gladiator)  Turns: 9080, Time: 00:33:03

Health: -8/92      AC:  9    Str: 18    XL:     11   Next: 32%
Magic:  7/16       EV: 19    Int: 12    God:    Nemelex Xobeh [***...]
Gold:   509        SH:  0    Dex: 12    Spells: 10/10 levels left

rFire   . . .        a - +0 flail
rCold   + . .        (no shield)
rNeg    + . .        (body armour unavailable)
rPois   .            s - +0 hat {SInv}
rElec   .            (no cloak)
rCorr   .            (no gloves)
SInv    +            e - +1 pair of boots
Will    .....        h - amulet of regeneration
Stlth   ++           A - +5 ring of evasion
HPRegen 1.15/turn    b - ring of positive energy
MPRegen 0.15/turn

%: no passive effects
@: no status effects
A: breathe frost, AC +7, unfitting armour, cold resistance 1, cold-blooded
a: Breathe Frost, Renounce Religion, Draw Escape, Draw Destruction, Draw
Summoning, Triple Draw


You were on level 10 of the Dungeon.
You worshipped Nemelex Xobeh.
Nemelex Xobeh was most pleased with you.
You visited 2 branches of the dungeon, and saw 11 of its levels.

You collected 509 gold pieces.

Inventory:

Hand Weapons
 a - a +0 flail (weapon)
Missiles
 c - 3 throwing nets
 d - a javelin
 t - 16 poisoned darts (quivered)
 u - 2 datura-tipped darts
Armour
 e - a +1 pair of boots (worn)
 s - a +0 hat of see invisible (worn)
 w - a +0 tower shield
Magical Staves
 y - a staff of cold
Jewellery
 b - a ring of positive energy (right hand)
 h - an amulet of regeneration (around neck)
 A - a +5 ring of evasion (left hand)
Wands
 x - a wand of flame (27)
Scrolls
 f - 2 scrolls of blinking
 i - a scroll of enchant armour
 n - 3 scrolls of teleportation
 q - a scroll of fear {unknown}
 r - 5 scrolls of amnesia
 v - 2 scrolls of noise
 z - 2 scrolls of poison
 C - 3 scrolls of identify
 E - a scroll of immolation {unknown}
Potions
 g - 5 potions of brilliance
 j - 3 potions of ambrosia
 k - a potion of mutation {unknown}
 l - a potion of attraction
 m - 2 potions of enlightenment
 o - a potion of degeneration {unknown}
 p - 3 potions of curing
 B - a potion of cancellation
 D - a potion of magic {unknown}


   Skills:
 + Level 7.1 Fighting
 - Level 14.0 Maces & Flails
 - Level 2.0 Throwing
 - Level 6.0 Dodging
 - Level 4.0 Stealth
 - Level 7.0 Invocations


You had 10 spell levels left.
You didn't know any spells.
Your spell library contained the following spells:

 Spells                   Type           Power      Damage    Failure   Level
 Kiss of Death            Conj/Necr      0%         2d5       32%         1
 Magic Dart               Conj           0%         1d3       32%         1
 Call Imp                 Summ           0%         N/A       45%         2
 Cigotuvi's Dreadful Rot  Necr/Pois/Air  0%         N/A       45%         2
 Confusing Touch          Hex            0%         N/A       69%         3
 Gell's Gravitas          Tloc           0%         N/A       69%         3
 Mephitic Cloud           Conj/Pois/Air  0%         N/A       69%         3
 Summon Guardian Golem    Hex/Summ       0%         N/A       69%         3
 Teleport Other           Tloc           0%         N/A       69%         3
 Dispel Undead            Necr           0%         3d6       97%         4
 Death Channel            Necr           0%         N/A       100%        6
 Dispersal                Tloc           0%         N/A       100%        6
 Orb of Destruction       Conj           0%         9d5       100%        7
 Spellforged Servitor     Conj/Summ      0%         N/A       100%        7


Dungeon Overview and Level Annotations

Branches:
Dungeon (10/15)            Temple (1/1) D:4
   Lair: D:8-11         Orc: D:9-12

Altars:
Ashenzari
Cheibriados
Dithmenos
Elyvilon
Fedhas
Gozag
Kikubaaqudgha
Nemelex Xobeh
Okawaru
Qazlal
Sif Muna
Trog
Yredelemnul
Zin
The Shining One

Shops:
D:2 =   D:6 =

Annotations:
D:10 exclusion: orange crystal statue


Innate Abilities, Weirdness & Mutations

You can breathe waves of freezing cold which knock back foes.
Your icy white scales are hard. (AC +7)
You cannot fit into any form of body armour.
Your flesh is cold resistant. (rC+)
You are cold-blooded and may be slowed by cold attacks.


Message History

You are engulfed in a cloud of scalding steam.
The orc priest invokes the aid of Beogh against you.
Beogh smites you!
* * * LOW HITPOINT WARNING * * *
The orc wizard points at you and mumbles some strange words.
You easily resist.
The troll is engulfed in a cloud of scalding steam.
The troll bites you!
* * * LOW HITPOINT WARNING * * *
The troll misses you. The troll claws you but does no damage.
You hit the troll.
You tail-slap the troll, but do no damage.
Your punch misses the troll.
The troll is almost dead.
You are engulfed in a cloud of scalding steam.
* * * LOW HITPOINT WARNING * * *
The orc wizard is engulfed in a cloud of scalding steam.
The orc wizard hits you but does no damage.
The orc priest calls upon Beogh to heal the orc wizard.
The orc wizard's wounds heal themselves!
The troll is engulfed in a cloud of scalding steam.
The troll bites you.
* * * LOW HITPOINT WARNING * * *
The troll misses you. The troll claws you.
* * * LOW HITPOINT WARNING * * *
You hit the troll but do no damage.
The troll is almost dead.
You are engulfed in a cloud of scalding steam.
* * * LOW HITPOINT WARNING * * *
The steam dragon closely misses you. The steam dragon barely misses you.
The orange crystal statue glitters topaz in the dim dungeon light.
You hit the troll but do no damage.
The troll is almost dead.
You are engulfed in a cloud of scalding steam.
* * * LOW HITPOINT WARNING * * *
The orc wizard misses you.
The orc priest calls down the wrath of Beogh upon you.
Beogh smites you!
You die...
Your body disappears without a glow.

#.# .# #.# ##### .#
####.#####...##.##
#.........$}$....##
#.##.# #.$888$....#
#.##.# #.}888=.#.)#
#.##.###.(888$oo#
##.##......["o.T@#
.....####.#...o.D...#
.#+#......##......###
.# #.##########.##+
.# #.# #.ยง. .# #..
##... ## ##. .##. #
.. .# # #.. ..


You could see an orange crystal statue, a troll (summoned), a steam dragon
(catching breath), an orc priest (summoned), 2 orc wizards and an orc
(summoned).

Vanquished Creatures
  Gastronok (D:8)
  A death yak (D:8)
  An orc knight (D:8)
  An elephant (D:7)
  Maggie (D:7)
  A troll (D:8)
  Prince Ribbit (D:8)
  A vampire (D:9)
  16 yaks
  A steam dragon (D:9)
  4 vampire mosquitoes (D:10)
  3 ice beasts
  6 orc warriors
  A swamp drake (D:6)
  A sky beast (D:8)
  A black bear (D:6)
  An ogre (D:7)
  A centaur (D:6)
  2 kobold brigands
  A scorpion (D:5)
  8 wights (D:7)
  6 howler monkeys
  15 killer bees
  2 electric eels (D:9)
  A jelly (D:8)
  6 hounds
  7 orc priests
  6 sleepcaps
  11 orc wizards
  4 iguanas
  3 adders
  A shadow imp (D:6)
  An ufetubus (D:4)
  A worm (D:2)
  A dart slug (D:1)
  38 orcs
  3 endoplasms (D:1)
  2 giant cockroaches
  9 goblins
  6 hobgoblins
  12 jackals
  10 kobolds
  5 quokkas
  5 ball pythons
  11 bats
  9 frilled lizards
  A goblin skeleton (D:6)
  A jackal skeleton (D:6)
  6 rats
237 creatures vanquished.

Notes
Turn   | Place    | Note
-------+----------+-------------------------------------------
     0 | D:1      | Klosterheim the Draconian Gladiator began the quest for the
                  | Orb.
     0 | D:1      | Reached XP level 1. HP: 17/17 MP: 1/1
   289 | D:1      | Reached XP level 2. HP: 25/25 MP: 2/2
   294 | D:1      | Found a faded altar of an unknown god.
   542 | D:1      | Reached XP level 3. HP: 30/30 MP: 3/3
  1543 | D:2      | Reached skill level 4 in Maces & Flails
  1634 | D:2      | Found Ecsoahuc's Jewellery Boutique.
  2108 | D:3      | Reached XP level 4. HP: 38/38 MP: 4/4
  2294 | D:3      | Found a stormy altar of Qazlal.
  2385 | D:3      | Reached skill level 5 in Maces & Flails
  2385 | D:3      | Reached XP level 5. HP: 45/45 MP: 5/5
  2670 | D:4      | Found a staircase to the Ecumenical Temple.
  2745 | Temple   | Entered the Ecumenical Temple
  2763 | Temple   | Became a worshipper of Nemelex Xobeh the Trickster
  2997 | D:4      | Reached skill level 6 in Maces & Flails
  3184 | D:4      | Found a glowing silver altar of Zin.
  3199 | D:4      | Noticed an ice beast
  3204 | D:4      | Reached XP level 6. HP: 26/51 MP: 6/6
  3212 | D:4      | Killed an ice beast
  3269 | D:4      | Reached skill level 7 in Maces & Flails
  3308 | D:4      | You fall into a shaft and drop 3 floors!
  3319 | D:5      | Entered Level 5 of the Dungeon
  3405 | D:5      | Found a bloodstained altar of Trog.
  3426 | D:5      | Your scales start taking on an icy white colour.
  3426 | D:5      | Reached XP level 7. HP: 57/57 MP: 7/7
  3426 | D:5      | Gained mutation: Your flesh is cold resistant. (rC+) [White
                  | Draconian growth]
  3432 | D:5      | Reached * piety under Nemelex Xobeh
  3475 | D:5      | Reached skill level 8 in Maces & Flails
  3552 | D:5      | Received a gift from Nemelex Xobeh
  3581 | D:5      | Reached skill level 1 in Invocations
  3887 | D:4      | Found an ancient bone altar of Kikubaaqudgha.
  4143 | D:4      | Found a blossoming altar of Fedhas.
  4727 | D:6      | Reached XP level 8. HP: 52/66 MP: 9/9
  4743 | D:6      | Found a runed translucent door.
  4750 | D:6      | Found a basalt altar of Yredelemnul.
  4796 | D:6      | Found Qowircho's Jewellery Shoppe.
  4835 | D:6      | Noticed Sigmund
  4842 | D:6      | Sigmund changed into Sigmund the swamp drake
  4842 | D:6      | Noticed Sigmund
  4871 | D:6      | Killed Sigmund the swamp drake
  4895 | D:6      | Reached ** piety under Nemelex Xobeh
  5270 | D:7      | Noticed a two-headed ogre
  5337 | D:7      | a two-headed ogre changed into an elephant
  5337 | D:7      | Noticed an elephant
  5355 | D:7      | Killed an elephant
  5356 | D:7      | Reached skill level 5 in Fighting
  5356 | D:7      | Reached skill level 9 in Maces & Flails
  5440 | D:7      | Reached skill level 10 in Maces & Flails
  5554 | D:7      | Reached XP level 9. HP: 32/74 MP: 11/11
  5964 | D:7      | Reached skill level 11 in Maces & Flails
  6037 | D:7      | Noticed Maggie
  6062 | D:7      | Killed Maggie
  6216 | D:8      | Noticed Prince Ribbit
  6234 | D:8      | Reached skill level 5 in Invocations
  6295 | D:8      | Killed Prince Ribbit
  6668 | D:8      | Noticed a troll
  6697 | D:8      | Killed a troll
  6706 | D:8      | Reached skill level 12 in Maces & Flails
  6916 | D:8      | Noticed Gastronok
  7077 | D:8      | Killed Gastronok
  7078 | D:8      | Reached skill level 13 in Maces & Flails
  7078 | D:8      | Reached XP level 10. HP: 83/83 MP: 14/14
  7349 | D:9      | Noticed a death yak
  7587 | D:8      | Reached skill level 5 in Dodging
  7751 | D:8      | Killed a death yak
  7855 | D:8      | Reached XP level 11. HP: 92/92 MP: 15/15
  7921 | D:9      | Reached skill level 14 in Maces & Flails
  8063 | D:8      | Reached skill level 1 in Stealth
  8297 | D:9      | Found a runed translucent door.
  8597 | D:9      | Noticed an orc knight
  8715 | D:8      | Killed an orc knight
  8948 | D:10     | Entered Level 10 of the Dungeon
  9000 | D:10     | Upgraded the game from 0.31-a0-210-gccc998df9b to
                  | 0.31-a0-848-gaac375c287
  9016 | D:10     | Reached *** piety under Nemelex Xobeh
  9064 | D:10     | Noticed an orange crystal statue
  9080 | D:10     | Killed from afar by an orc priest

Illustrated notes

Levels and vault maps discovered:
D:1:      tarquinn_simple_flora_water_d, layout_loops_ring,
          chequers_ecumenical_altar_simple
D:2:      minmay_general_purpose_star, layout_basic, serial_shops, shop,
          minmay_misc_feat_rows, nicolae_figureground_sparkle
D:3:      layout_loops_ring, mainiacjoe_overflow_catwalk, supply_closet_lemuel,
          hellmonk_no_cap
D:4:      layout_basic, grunt_temple_overflow_growth_and_decay, zin_treasury,
          minmay_temple_entry_overgrown, minmay_distorted
D:5:      layout_gridville, mainiacjoe_overflow_chevrons, hex_large
D:6:      layout_rooms, dk_yredelemnul_ordeal, serial_shops, shop, uniq_sigmund
D:7:      layout_basic, uniq_maggie
D:8:      layout_basic, uniq_gastronok, uniq_prince_ribbit1
D:9:      argonaut_augean_stables, layout_basic, minmay_misc_feat_enclosed,
          lightli_church_of_beogh
D:10:     minmay_the_grid_four_pointed_star_mashed
          [minmay_the_grid_triangle_9x9_corruption,
          minmay_the_grid_triangle_9x9_steps,
          minmay_the_grid_triangle_9x9_from_above,
          minmay_the_grid_triangle_9x9_impossible_snake,
          minmay_the_grid_prize_inner_circle], layout_loops_corners,
          mainiacjoe_overflow_surrounded_room, vehumet_statue, kennysheep_mini,
          xom_redecorated, mainiacjoe_overflow_brackets, lair_entry_dummy,
          minmay_protected_statue, uniq_sonja
Temple:   chequers_temple_sunken

Skill      XL: |  1  2  3  4  5  6  7  8  9 10 11 |
---------------+----------------------------------+-----
Throwing       | 2 |  2.0
Dodging        | 3 4 6 |  6.0
Fighting       | 3 4 5 6 7 |  7.1
Maces & Flails | 4 5 6 7 8 10 13 14 | 14.0
Invocations    | 2 3 6 7 |  7.0
Stealth        | 4 |  4.0

Action                     |  1- 3 |  4- 6 |  7- 9 | 10-12 || total
---------------------------+-------+-------+-------+-------++-------
  Melee: Flail             |   156 |   182 |   454 |   415 ||  1207
         Tailslap          |    19 |    17 |    77 |    67 ||   180
         Punch             |     3 |       |    10 |     9 ||    22
  Throw: Dart              |       |       |    14 |    17 ||    31
 Invoke: Draw Destruction  |       |       |     6 |       ||     6
Ability: Breathe Frost     |       |       |     7 |       ||     7
  Evoke: Wand              |       |       |     1 |     6 ||     7
    Use: Scroll            |     7 |     2 |    10 |     1 ||    20
         Potion            |       |     1 |     6 |     1 ||     8
   Stab: Sleeping          |     1 |       |       |       ||     1
 Armour: Skin              |    98 |    90 |   124 |   112 ||   424
  Dodge: Dodged            |   144 |   136 |   313 |   422 ||  1015

Table legend: (Time is in decaauts)
 A = Elapsed time spent in this place.
 B = Non-inter-level travel time spent in this place.
 C = Inter-level travel time spent in this place.
 D = Time resting spent in this place.
 E = Time spent auto-exploring this place.
 F = Levels seen in this place.
 G = Mean time per level.
                   A        B        C        D        E       F      G
               +--------+--------+--------+--------+--------+-----+--------+
         Total |   8997 |   8249 |    748 |   1070 |   4568 |  11 |  817.9 |
       Dungeon |   8855 |   8139 |    716 |   1049 |   4568 |  10 |  885.5 |
        Temple |    142 |    110 |     32 |     21 |      0 |   1 |  142.0 |
               +--------+--------+--------+--------+--------+-----+--------+

Top non-repeatable levels by time:
     D:8: 1448 daAuts
     D:7: 1256 daAuts
     D:1: 1057 daAuts
     D:9: 967 daAuts
     D:4: 941 daAuts
     D:2: 846 daAuts
     D:3: 804 daAuts
     D:5: 775 daAuts
     D:6: 636 daAuts
  Temple: 142 daAuts
    D:10: 120 daAuts
